 Dungeon Crawl Stone Soup version 0.31-a0-564-g3b7de120b3 (webtiles) character file.

Game seed: 695868188301552529

207 lunkers the Insei (level 6, 0/47 HPs)
             Began as a Meteoran Shapeshifter on Aug 17, 2023.
             Slain by a phantom (4 damage)
             ... on level 4 of the Dungeon.
             The game lasted 00:02:12 (1446 turns).

lunkers the Insei (Meteoran Shapeshifter)           Turns: 1446, Time: 00:02:12

Health: 0/47       AC:  2    Str: 17    XL:     6   Next: 33%
Magic:  7/7        EV: 12    Int:  9    God:
Gold:   91         SH:  0    Dex: 17    Spells: 5/5 levels left

rFire   . .          .
                       - Unarmed
rCold   . . .        (no shield)
rNeg    . . .        a - +0 animal skin
rPois   .            (helmet currently unavailable)
rElec   .            (cloak currently unavailable)
rCorr   .            (gloves currently unavailable)
SInv    .            (boots currently unavailable)
Will    .....        (no amulet)
Stlth   +            (no ring)
HPRegen 0.27/turn    (no ring)
MPRegen 0.10/turn

%: no passive effects
@: beast-form, glowing
A: beast (slay +3), sense surroundings 1, otherworldly, glowing, explore regen
a: Begin Untransformation


You were on level 4 of the Dungeon.
You were a hulking beast.
You visited 1 branch of the dungeon, and saw 4 of its levels.

You collected 91 gold pieces.

Inventory:

Armour
 a - a +0 animal skin (worn)
Talismans
 c - a beast talisman (active)
 d - a flux talisman
Scrolls
 b - a scroll of identify
 g - 2 scrolls of amnesia
 j - a scroll of vulnerability
Potions
 f - a potion of degeneration {unknown}
 h - 2 potions of brilliance
 i - a potion of haste {unknown}


   Skills:
 - Level 1.1 Fighting
 - Level 2.1 Dodging
 * Level 6.5 Unarmed Combat
 + Level 4.8 Shapeshifting


You had 5 spell levels left.
You didn't know any spells.
Your spell library contained the following spells:

 Spells                   Type           Power      Damage    Failure   Level
 Lesser Beckoning         Tloc           0%         N/A       52%         2
 Gell's Gravitas          Tloc           0%         N/A       77%         3
 Teleport Other           Tloc           0%         N/A       77%         3


Dungeon Overview and Level Annotations

Branches:
Dungeon (4/15) Zot: 965
 Temple: D:4-7

Altars:


Innate Abilities, Weirdness & Mutations

You are a hulking beast.
Your limbs bulge with bestial killing power. (Slay +3)
You passively map a small area around you.
You are easily found by Zot.
You glow in the dark.
You regain HP and MP as you explore.


Message History

The orc hits you but does no damage.
Unknown command.
You closely miss the phantom.
The phantom is heavily damaged.
The phantom hits you.
* * * LOW HITPOINT WARNING * * *
The orc hits you but does no damage. The orc hits you with a +0 dagger.
* * * LOW HITPOINT WARNING * * *
Unknown command.
You hit the phantom.
The phantom is severely damaged.
The phantom hits you.
* * * LOW HITPOINT WARNING * * *
The orc hits you with a +0 club.
* * * LOW HITPOINT WARNING * * *
The orc barely misses you.
Unknown command.
Unknown command.
You closely miss the phantom.
The phantom is severely damaged.
The phantom hits you.
* * * LOW HITPOINT WARNING * * *
The orc barely misses you. x2
Unknown command.
You closely miss the phantom.
The phantom is severely damaged.
The phantom misses you. The orc closely misses you.
The orc hits you but does no damage.
You hit the phantom.
The phantom is severely damaged.
The phantom completely misses you. The orc barely misses you.
The orc hits you with a +0 dagger.
* * * LOW HITPOINT WARNING * * *
Unknown command.
You closely miss the phantom.
The phantom is severely damaged.
You barely miss the phantom.
The phantom is severely damaged.
The phantom hits you.
You die...

#...#.#.## *
* #....###.##
# #...##
##.##.# #..##
##...# ##..#
##.####
#...#*#.##
#.##.#)## ,
#.*#.Wo####..
#. #.ho......
#...###..! ,
....... ,.
####......
########


You could see a phantom and 2 orcs.

Vanquished Creatures
  An ice beast (D:3)
  An orc priest (D:4)
  An orc wizard (D:4)
  3 adders
  2 worms
  An orc (D:4)
  7 ball pythons
  7 bats
  2 endoplasms (D:2)
  A giant cockroach (D:3)
  2 hobgoblins (D:3)
  2 jackals (D:1)
  A quokka (D:1)
  2 frilled lizards
  3 goblins
  A kobold (D:3)
  4 rats
41 creatures vanquished.

Notes
Turn   | Place    | Note
-------+----------+-------------------------------------------
     0 | D:1      | lunkers the Meteoran Shapeshifter began the quest for the
                  | Orb.
     0 | D:1      | Reached XP level 1. HP: 16/16 MP: 2/2
   104 | D:1      | Reached skill level 4 in Unarmed Combat
   104 | D:1      | Reached XP level 2. HP: 18/23 MP: 3/3
   511 | D:2      | Reached XP level 3. HP: 27/28 MP: 4/4
   927 | D:3      | Noticed an ice beast
   938 | D:3      | Killed an ice beast
   939 | D:3      | Reached skill level 5 in Unarmed Combat
   939 | D:3      | Reached XP level 4. HP: 35/35 MP: 5/5
   939 | D:3      | Reached XP level 5. HP: 40/40 MP: 6/6
  1266 | D:3      | Reached skill level 6 in Unarmed Combat
  1300 | D:3      | Found a faded altar of an unknown god.
  1425 | D:4      | Reached XP level 6. HP: 47/47 MP: 7/7
  1446 | D:4      | Slain by a phantom

Illustrated notes

Levels and vault maps discovered:
D:1:      dpeg_arrival_round_a, layout_basic, grunt_decor_fettered
D:2:      layout_basic
D:3:      layout_basic, ebering_ecumenical_altar_ruins, grunt_ministairs_1,
          hex_medium
D:4:      layout_loops_ring, minmay_lizard_king

Skill      XL: |  1  2  3  4  5 |
---------------+----------------+-----
Unarmed Combat | 4 5 6 |  6.5
Shapeshifting  | 4 |  4.8
Fighting       | |  1.1
Dodging        | |  2.1

Action                     |  1- 3 |  4- 6 || total
---------------------------+-------+-------++-------
  Melee: Unarmed           |    53 |    62 ||   115
         Punch             |     1 |     4 ||     5
    Use: Potion            |     1 |     1 ||     2
         Scroll            |       |     6 ||     6
 Armour: Animal skin       |     8 |    12 ||    20
         Skin              |    12 |       ||    12
  Dodge: Dodged            |    23 |    35 ||    58

Table legend: (Time is in decaauts)
 A = Elapsed time spent in this place.
 B = Non-inter-level travel time spent in this place.
 C = Inter-level travel time spent in this place.
 D = Time resting spent in this place.
 E = Time spent auto-exploring this place.
 F = Levels seen in this place.
 G = Mean time per level.
                   A        B        C        D        E       F      G
               +--------+--------+--------+--------+--------+-----+--------+
         Total |   1434 |   1383 |     51 |     10 |   1049 |   4 |  358.5 |
       Dungeon |   1434 |   1383 |     51 |     10 |   1049 |   4 |  358.5 |
               +--------+--------+--------+--------+--------+-----+--------+

Top non-repeatable levels by time:
     D:2: 573 daAuts
     D:3: 476 daAuts
     D:1: 350 daAuts
     D:4: 33 daAuts
